 Dungeon Crawl Stone Soup version 0.17.0-28-g6e173f8 (webtiles) character file.

14161 PossumBlood the Bludgeoner (level 11, -26/104 HPs)
             Began as a Minotaur Fighter on Dec 2, 2015.
             Was a High Priest of Okawaru.
             Hit by a large rock thrown by a cyclops (35 damage)
             ... on level 12 of the Dungeon.
             The game lasted 00:38:10 (10141 turns).

PossumBlood the Bludgeoner (Minotaur Fighter)      Turns: 10141, Time: 00:38:10

Health: -26/104    AC: 15    Str: 27    XL:     11   Next: 85%
Magic:  10/10      EV: 15    Int:  5    God:    Okawaru [*****.]
Gold:   566        SH:  5    Dex: 12    Spells: 0 memorised, 10 levels left

rFire  + . .     SeeInvis .     H - +3 flail of Purpose {crush, rF+}
rCold  . . .     Clarity  .     b - +0 scale mail
rNeg   + . .     SustAt   .     o - +1 buckler {AC+3}
rPois  .         Gourm    .     w - +0 hat {MR+}
rElec  .         Spirit   .     h - +0 cloak
rCorr  .         Warding  +     v - +0 pair of gloves
rMut   .         Stasis   .     (no boots)
MR     +....                    u - amulet of warding
Stlth  ..........               i - +5 ring of evasion
                                A - +3 ring of strength

@: somewhat resistant to hostile enchantments, extremely unstealthy
A: retaliatory headbutt, horns 2, thin skeletal structure 1, breathe flames 1,
sense surroundings 1
a: Heroism, Finesse, Renounce Religion, Breathe Fire


You were on level 12 of the Dungeon.
You worshipped Okawaru.
Okawaru was extremely pleased with you.
You were not hungry.

You visited 2 branches of the dungeon, and saw 13 of its levels.

You collected 566 gold pieces.

Inventory:

Hand Weapons
 a - a +0 flail
 k - a +1 morningstar
 t - a +0 dire flail
 y - the +6 lajatang of the Sage {slice, rPois}
   (You found it on level 7 of the Dungeon)

   It inflicts extra damage upon your enemies.
   It protects you from poison.
 H - the +3 flail of Purpose (weapon) {crush, rF+}
   (You found it on level 11 of the Dungeon)

   It inflicts extra damage upon your enemies.
   It protects you from fire.
 I - a +0 mace of draining
 Q - a cursed -1 falchion
Armour
 b - a +0 scale mail (worn)
 c - a +0 shield
 h - a +0 cloak (worn)
 o - a +1 buckler of protection (worn)
 v - a +0 pair of gloves (worn)
 w - a +0 hat of magic resistance (worn)
 B - a +2 shield
 M - a +0 large shield
Jewellery
 e - an uncursed amulet of faith
 g - a +2 ring of evasion
 i - a +5 ring of evasion (right hand)
 u - an amulet of warding (around neck)
 A - a +3 ring of strength (left hand)
Wands
 s - a wand of frost (19)
 E - a wand of magic darts (23)
 N - a wand of fire (7)
 O - a wand of random effects (28)
Scrolls
 f - 6 scrolls of magic mapping
 l - 3 scrolls of identify
 m - 9 scrolls of remove curse
 r - 2 scrolls of blinking
 J - 2 scrolls of fog
 L - a scroll of teleportation
 P - a scroll of holy word {unknown}
Potions
 d - 2 potions of brilliance
 n - 7 potions of curing
 p - a potion of might
 q - 2 potions of haste
 C - a potion of agility
Books
 F - a book of Envenomations

   Spells                             Type                      Level
   a - Spider Form                    Transmutation/Poison         3
   b - Alistair's Intoxication        Transmutation/Poison         4
   c - Olgreb's Toxic Radiance        Poison                       4
   d - Poisonous Cloud                Conjuration/Poison/Air       6
Miscellaneous
 G - a fan of gales
Comestibles
 j - 8 meat rations
 x - 2 beef jerkies
 z - 3 fruits
 D - 5 bread rations
 K - a royal jelly


   Skills:
 + Level 11.9 Fighting
 * Level 15.6 Maces & Flails
 + Level 11.8 Armour
 - Level 3.6 Shields


You had 10 spell levels left.
You didn't know any spells.

Dungeon Overview and Level Annotations

Branches:
Dungeon (12/15)            Temple (1/1) D:4            Lair (0/8) D:9
    Orc (0/4) D:12

Altars:
Ashenzari
Cheibriados
Dithmenos
Elyvilon
Fedhas
Gozag
Kikubaaqudgha
Makhleb
Nemelex Xobeh
Okawaru
Qazlal
Ru
Sif Muna
Trog
Vehumet
Xom
Yredelemnul
Zin
The Shining One
Lugonu

Shops:
D:7 *


Innate Abilities, Weirdness & Mutations

You reflexively headbutt those who attack you in melee.
You have a pair of horns on your head.
You have a somewhat thin skeletal structure (Dex +2, Stealth).
You can breathe flames.
You passively map a small area around you.


Message History

Okawaru accepts your kill.
You are covered in liquid flames!
You are covered in liquid flames!
Items here: †††† a sheep corpse; a mottled dragon corpse; a sheep corpse; a sheep corpse You start resting.
A cyclops comes into view.
The cyclops throws a large rock.
The large rock hits you!!
* * * LOW HITPOINT WARNING * * *
You see here a large rock.
The cyclops throws a large rock.
You block the large rock.
Items here: ( †††† a large rock; a sheep corpse; a mottled dragon corpse; a sheep corpse a sheep corpse The four-headed hydra roars!
The cyclops throws a large rock.
You block the large rock.
You see here a large rock.
Drink which item? (? for menu, Esc to quit)
You feel better.
The cyclops throws a large rock.
The large rock hits you!!
You die...

............# ##........
.......#
.............##.........
........
..#............$........
........
..###......#.D..........
........
..,#...........,........
#...#.......# ........
,#.......C...##.
........ ...####........
......## *
#@.##............. *
#..#* ......#####. ,
#(## #.... ## , ##(#
#....# # , #..# .....*
### #..# # , #..####.. *
* #.####. , #....... *
,... *#... , ##...### ,
* * ..... ..... #..###


You could see a four-headed hydra and a cyclops.

Vanquished Creatures
  Gastronok (D:10)
  2 hill giants (D:10)
  An unseen horror (D:12)
  An ugly thing (D:12)
  2 cyclopes
  A two-headed ogre (D:10)
  A trapdoor spider (D:10)
  3 deep elf magi
  5 hippogriffs
  2 wyverns
  A hungry ghost (D:11)
  6 yaks (D:11)
  Menkaure (D:6)
  Edmund (D:4)
  2 mottled dragons
  2 water moccasins (D:11)
  An eye of draining (D:7)
  7 orc warriors
  8 ogres
  2 sky beasts
  3 phantoms
  A black bear (D:9)
  3 ice beasts
  3 centaurs
  4 big kobolds
  8 giant frogs
  3 scorpions
  21 killer bees
  4 giant frog zombies
  2 crimson imps
  A centaur zombie (D:10)
  4 hounds
  12 jellies
  2 centaur skeletons (D:8)
  2 giant frog skeletons
  5 orc priests
  4 iguanas
  11 worker ants
  8 orc wizards
  3 sheep (D:12)
  A hound skeleton (D:8)
  A hound zombie (D:5)
  Robin (D:3)
  13 adders
  A worker ant zombie (D:7)
  2 gnolls (D:9)
  6 shadow imps
  An adder zombie (D:9)
  An adder skeleton (D:6)
  4 worms
  6 giant geckos
  56 orcs
  12 bats
  11 giant cockroaches
  10 goblins
  13 hobgoblins
  5 quokkas
  4 ball pythons
  A giant gecko zombie (D:5)
  4 giant newts (D:2)
  11 jackals
  A jackal skeleton (D:8)
  25 kobolds
  A quokka skeleton (D:7)
  9 rats
  4 fungi (D:9)
  A plant (D:9)
359 creatures vanquished.

Notes
Turn   | Place    | Note
--------------------------------------------------------------
     0 | D:1      | PossumBlood the Minotaur Fighter began the quest for the Orb.
     0 | D:1      | Reached XP level 1. HP: 19/19 MP: 0/0
   150 | D:1      | Reached XP level 2. HP: 27/27 MP: 1/1
   218 | D:1      | Reached skill level 4 in Fighting
   537 | D:2      | Reached XP level 3. HP: 25/33 MP: 2/2
   778 | D:2      | Found a faded altar to an unknown god.
   823 | D:2      | Reached XP level 4. HP: 32/41 MP: 3/3
  1014 | D:3      | Noticed Robin
  1026 | D:3      | Reached XP level 5. HP: 36/47 MP: 4/4
  1035 | D:3      | Killed Robin
  1035 | D:3      | Reached skill level 5 in Fighting
  1292 | D:3      | Reached skill level 5 in Maces & Flails
  1656 | D:4      | Reached skill level 5 in Armour
  1809 | D:4      | Found a staircase to the Ecumenical Temple.
  1950 | Temple   | Entered the Ecumenical Temple
  2025 | D:4      | Noticed an ogre
  2033 | D:4      | Killed an ogre
  2033 | D:4      | Reached XP level 6. HP: 56/56 MP: 5/5
  2115 | D:4      | Noticed an ogre
  2126 | D:4      | Killed an ogre
  2126 | D:4      | Reached skill level 6 in Maces & Flails
  2308 | D:4      | Found an ancient bone altar of Kikubaaqudgha.
  2329 | D:4      | Found a deep blue altar of Sif Muna.
  2329 | D:4      | Found a shadowy altar of Dithmenos.
  2455 | D:4      | Noticed Edmund
  2461 | D:4      | Killed Edmund
  2461 | D:4      | Reached skill level 7 in Maces & Flails
  2461 | D:4      | Reached XP level 7. HP: 62/62 MP: 6/6
  2696 | D:4      | Gained mutation: You have a somewhat thin skeletal structure (Dex +2, Stealth). [potion of mutation]
  2696 | D:4      | Gained mutation: You passively map a small area around you. [potion of mutation]
  2696 | D:4      | Gained mutation: You can breathe flames. [potion of mutation]
  2795 | D:5      | Entered Level 5 of the Dungeon
  2802 | D:5      | Found a shimmering altar of Xom.
  2805 | D:5      | Noticed an angel
  2809 | D:5      | Found a glowing silver altar of Zin.
  3090 | D:5      | Reached skill level 8 in Maces & Flails
  3321 | D:5      | Found a sacrificial altar of Ru.
  3388 | D:6      | Noticed Menkaure
  3396 | D:6      | Killed Menkaure
  3396 | D:6      | Reached XP level 8. HP: 71/71 MP: 7/7
  3484 | D:6      | Found a shattered altar of Ashenzari.
  3485 | D:6      | Found a burning altar of Makhleb.
  3675 | D:6      | Reached skill level 9 in Maces & Flails
  4065 | D:6      | Reached skill level 10 in Maces & Flails
  4243 | D:7      | Reached XP level 9. HP: 64/81 MP: 8/8
  4332 | D:7      | Got a shimmering lajatang
  4333 | D:7      | Identified the +6 lajatang of the Sage {slice, rPois} (You found it on level 7 of the Dungeon)
  4334 | D:7      | Found an opulent altar of Gozag.
  4336 | D:7      | Found Gozag's Platinum Reserve.
  4805 | D:7      | Reached skill level 11 in Maces & Flails
  5158 | D:8      | Found a radiant altar of Vehumet.
  5452 | D:8      | Reached skill level 12 in Maces & Flails
  5828 | D:8      | Reached XP level 10. HP: 87/91 MP: 9/9
  6494 | D:9      | Found a glowing golden altar of the Shining One.
  6503 | D:9      | Found a staircase to the Lair.
  6774 | D:9      | Found an iron altar of Okawaru.
  6797 | D:9      | Became a worshipper of Warmaster Okawaru
  6908 | D:10     | Entered Level 10 of the Dungeon
  6908 | D:10     | Noticed Gastronok
  6924 | D:10     | Killed Gastronok
  6924 | D:10     | Reached * piety under Okawaru
  6924 | D:10     | Reached ** piety under Okawaru
  6924 | D:10     | Reached skill level 10 in Fighting
  6924 | D:10     | Reached skill level 13 in Maces & Flails
  6924 | D:10     | Reached skill level 10 in Armour
  7280 | D:10     | Reached skill level 14 in Maces & Flails
  7369 | D:10     | Reached XP level 11. HP: 98/101 MP: 10/10
  7377 | D:10     | Reached *** piety under Okawaru
  7485 | D:10     | Noticed a hill giant
  7499 | D:10     | Killed a hill giant
  7641 | D:10     | Noticed a hill giant
  7653 | D:10     | Killed a hill giant
  8155 | D:10     | Reached **** piety under Okawaru
  8482 | D:11     | Got an ichor-stained flail
  8483 | D:11     | Identified the +3 flail of Purpose {crush, rF+} (You found it on level 11 of the Dungeon)
  8778 | D:11     | Reached skill level 15 in Maces & Flails
  8854 | D:11     | Reached ***** piety under Okawaru
  9445 | D:12     | Killed an unseen horror
 10086 | D:12     | Noticed a four-headed hydra
 10137 | D:12     | HP: 1/104 [cyclops/large rock (26)]
 10141 | D:12     | Hit by a large rock thrown by a cyclops

Action                   |  1- 3 |  4- 6 |  7- 9 | 10-12 || total
-------------------------+-------+-------+-------+-------++-------
Melee: Flail             |    83 |   125 |   336 |   456 ||  1000
 Abil: Breathe Fire      |       |       |     1 |       ||     1
  Use: Scroll            |     3 |     2 |     8 |     3 ||    16
       Potion            |     1 |     4 |     3 |     5 ||    13
  Eat: Bread ration      |       |     2 |     2 |       ||     4
       Pizza             |       |       |       |     2 ||     2
       Fruit             |       |       |       |    13 ||    13
